 Dungeon Crawl Stone Soup version 0.29-a0-43-g62a80824bf (webtiles) character file.

Game seed: 12826802193997989064

6 Hubjo the Grasshopper (level 1, -2/16 HPs)
             Began as a Vampire Warper on Feb 2, 2022.
             Slain by a kobold (4 damage)
             ... on level 1 of the Dungeon.
             The game lasted 00:00:32 (90 turns).

Hubjo the Grasshopper (Vampire Warper)                Turns: 90, Time: 00:00:32

Health: -2/16      AC:  3    Str: 10    XL:     1   Next: 75%
Magic:  3/3        EV: 11    Int: 15    God:
Gold:   10         SH:  0    Dex: 13    Spells: 4/4 levels left

rFire   . . .      SeeInvis +   a - +0 short sword
rCold   . . .      Faith    .   (no shield)
rNeg    . . .      Spirit   .   b - +0 leather armour
rPois   .          Reflect  .   (no helmet)
rElec   .          Harm     .   (no cloak)
rCorr   .          Rampage  .   (no gloves)
Will    .....                   (no boots)
Stlth   +.........              (no amulet)
HPRegen 0.25/turn               (no ring)
MPRegen 0.08/turn               (no ring)

@: healing quickly
A: alive, fangs 3, see invisible, vampiric 1
a: Exsanguinate


You were on level 1 of the Dungeon.
You visited 1 branch of the dungeon, and saw 1 of its levels.

You collected 10 gold pieces.

Inventory:

Hand Weapons
 a - a +0 short sword (weapon)
Missiles
 d - 5 boomerangs of dispersal (quivered)
 e - 5 poisoned darts
Armour
 b - a +0 leather armour (worn)
Scrolls
 c - a scroll of blinking
Potions
 f - a potion of heal wounds {unknown}


   Skills:
 + Level 1.8 Fighting
 + Level 2.3 Short Blades
 + Level 0.7 Throwing
 + Level 0.7 Armour
 + Level 2.1 Dodging
 + Level 2.2 Spellcasting
 + Level 2.5 Translocations


You had 4 spell levels left.
You didn't know any spells.
Your spell library contained the following spells:

 Spells                   Type           Power      Damage    Failure   Level
 Blink                    Tloc           18%        N/A       16%         2
 Gell's Gravitas          Tloc           9%         N/A       32%         3
 Lesser Beckoning         Tloc           9%         N/A       32%         3
 Teleport Other           Tloc           9%         N/A       32%         3
 Manifold Assault         Tloc           9%         N/A       96%         5


Dungeon Overview and Level Annotations

Branches:
Dungeon (1/15)

Altars:


Innate Abilities, Weirdness & Mutations

Your natural rate of healing is accelerated.
You have razor-sharp teeth.
You have supernaturally acute eyesight. (SInv)
You are afflicted with vampirism.


Message History

The jackal closely misses you. x2; The jackal barely misses you.
You miss the jackal.
The jackal is almost dead.
The jackal bites you. The kobold barely misses you.
The jackal barely misses you. The jackal bites you.
You closely miss the jackal.
The jackal is almost dead.
The kobold barely misses you. The jackal bites you.
The jackal closely misses you.
You hit the jackal.
You kill the jackal!
The jackal barely misses you. The kobold closely misses you.
The jackal misses you.
You barely miss the jackal. The jackal closely misses you.
The kobold closely misses you. The jackal closely misses you.
The jackal barely misses you.
You hit the jackal.
The jackal is lightly wounded.
The kobold hits you but does no damage. The jackal bites you. x2
You barely miss the jackal.
The jackal is lightly wounded.
The jackal barely misses you.
The jackal bites you but does no damage.
The kobold hits you with a +0 whip. The jackal closely misses you.
The jackal bites you but does no damage.
You hit the jackal.
You kill the jackal!
The kobold barely misses you. The jackal misses you.
You hit the kobold.
You kill the kobold!
The jackal completely misses you. The kobold closely misses you.
The kobold hits you with a +0 whip.
* * * LOW HITPOINT WARNING * * *
The jackal bites you.
* * * LOW HITPOINT WARNING * * *
Items here: ) ? †††.
You hit the jackal.
You kill the jackal!
The kobold hits you with a +0 whip.
You die...

#... ##.. #.######...
#.......## #.##......
#.##......
#####.#.......
#####..........###
#@†.......##†..(.#
#.....K#.......##..##.#
...######.......##..#
.# #.......##..# .
.#####..........# #
.....#.....#.##.#
.............# .#
.............# .#
.............# ..


You could see a kobold.

Vanquished Creatures
  A giant cockroach (D:1)
  3 jackals (D:1)
  A quokka (D:1)
  A kobold (D:1)
6 creatures vanquished.

Notes
Turn   | Place    | Note
-------+----------+-------------------------------------------
     0 | D:1      | Hubjo the Vampire Warper began the quest for the Orb.
     0 | D:1      | Reached XP level 1. HP: 16/16 MP: 3/3
    90 | D:1      | Slain by a kobold

Illustrated notes

Levels and vault maps discovered:
D:1:      heliophobic_arrival_battle_scene, layout_rooms,
          shapermc_ecumenical_altar_mp_highgroup, chequers_mini_garden,
          minivault_11

Action                   || total
-------------------------++-------
Melee: Short sword       ||    25
       Punch             ||     1
       Bite              ||     1
Armor: Leather armour    ||    10
Dodge: Dodged            ||    30

Table legend: (Time is in decaauts)
 A = Elapsed time spent in this place.
 B = Non-inter-level travel time spent in this place.
 C = Inter-level travel time spent in this place.
 D = Time resting spent in this place.
 E = Time spent auto-exploring this place.
 F = Levels seen in this place.
 G = Mean time per level.
                   A        B        C        D        E       F      G
               +--------+--------+--------+--------+--------+-----+--------+
         Total |     89 |     71 |     18 |      0 |     25 |   1 |   89.0 |
       Dungeon |     89 |     71 |     18 |      0 |     25 |   1 |   89.0 |
               +--------+--------+--------+--------+--------+-----+--------+

Top non-repeatable levels by time:
     D:1: 89 daAuts
